 Dungeon Crawl Stone Soup version 0.24.0-123-gd5b16e6ec5 (webtiles) character file.

Game seed: 244290870175684958, levelgen mode: deterministic

872 sanka the Covert (level 7, -4/32 HPs)
             Began as a Spriggan Enchanter on Feb 9, 2020.
             Was a Follower of Wu Jian.
             Hit by a stone thrown by a gnoll sergeant (12 damage)
             ... on level 5 of the Dungeon.
             The game lasted 00:12:53 (4965 turns).

sanka the Covert (Spriggan Enchanter)               Turns: 4965, Time: 00:12:54

Health: -4/32      AC:  2    Str:  4    XL:     7   Next: 74%
Magic:  10/14      EV: 18    Int: 18    God:    Wu Jian [*.....]
Gold:   199        SH:  0    Dex: 17    Spells: 6/14 levels left

rFire    . . .     SeeInvis +   a - +1 dagger (speed)
rCold    . . .     Gourm    .   (shield restricted)
rNeg     . . .     Faith    .   b - +0 robe
rPois    .         Spirit   .   (helmet restricted)
rElec    .         Reflect  .   (no cloak)
rCorr    .         Harm     .   (gloves unavailable)
MR       +....                  (boots unavailable)
Stlth    ++++......             (no amulet)
HPRegen  0.10/turn              (no ring)
MPRegen  0.14/turn              c - +1 ring of slaying

@: lethally poisoned (-4 -> -14), very quick
A: very small, unfitting armour, see invisible, herbivore, speed 3, slow
metabolism 2
a: Renounce Religion


You were on level 5 of the Dungeon.
You worshipped Wu Jian.
Wu Jian was aware of your devotion.
You were not hungry.

You visited 1 branch of the dungeon, and saw 5 of its levels.

You collected 199 gold pieces.


Innate Abilities, Weirdness & Mutations

You are very small and have problems with some larger weapons.
You are too small for most types of armour.
You have supernaturally acute eyesight. (SInv)
You are a herbivore.
You cover ground extremely quickly.
You need to consume almost no food.


   Skills:
 - Level 5.1 Short Blades
 - Level 3.0 Dodging
 - Level 8.5 Stealth
 - Level 4.0 Spellcasting
 + Level 7.2 Hexes


You had 6 spell levels left.
You knew the following spells:

 Your Spells              Type           Power        Failure   Level  Hunger
u - Animate Skeleton      Necr           N/A          14%         1    None
x - Confuse               Hex            ####....     2%          3    ###....
y - Corona                Hex            ####...      1%          1    None
z - Ensorcelled Hibernat  Hex/Ice        ###...       4%          2    ##.....
Z - Confusing Touch       Hex            ####..       1%          1    None

Your spell library contained the following spells:

 Spells                   Type           Power        Failure   Level  Hunger
 Tukima's Dance           Hex            ####....     2%          3    ###....
 Dazzling Spray           Conj/Hex       ###...       10%         3    ###....
 Apportation              Tloc           #.....       14%         1    None
 Summon Small Mammal      Summ           #...         14%         1    None

Inventory:

Hand Weapons
 a - a +1 dagger of speed (weapon)
Missiles
 g - 4 throwing nets {=f}
Armour
 b - a +0 robe (worn)
Jewellery
 c - a +1 ring of slaying (right hand)
Wands
 v - a wand of flame (16)
 w - a wand of iceblast (6)
Scrolls
 e - a scroll of noise {!r}
 f - 3 scrolls of teleportation {unknown}
 h - 2 scrolls of immolation {!r}
 i - a scroll of remove curse
 j - a scroll of enchant armour
 k - a scroll of magic mapping {unknown}
 l - a scroll of random uselessness {unknown}
 p - a scroll of amnesia {unknown}
 t - a scroll of identify {@r1}
Potions
 m - a potion of haste {unknown}
 n - a potion of brilliance {unknown}
 o - a potion of heal wounds {unknown}
 q - 2 potions of flight {unknown}
 r - a potion of lignification {unknown}
 s - a potion of might {unknown}
 u - 2 potions of degeneration {unknown}
Comestibles
 d - 6 rations

Dungeon Overview and Level Annotations

Branches:
Dungeon (5/15)             Temple (0/1) D:5

Altars:
Dithmenos
Elyvilon
Nemelex Xobeh
Okawaru
Ru
Sif Muna
Trog
Vehumet
Wu Jian
The Shining One

▒▒▒▒▒▒▒▒ ▒......
▒)..... ▒......
▒.....▒
▒.....▒▒▒▒▒▒▒▒▒▒▒▒▒
▒.(i..(..ggggg. ▒▒▒▒
▒.▒▒▒▒▒▒▒▒▒▒▒▒▒
.....▒†▒▒▒▒▒ ▒▒▒▒▒▒▒▒▒
▒...[.....▒▒▒▒.......▒
▒.▒▒▒.†......'.......+
▒▒▒▒▒.▒▒▒▒.......▒ ▒.▒
▒.......▒▒▒ ▒.▒
▒▒▒▒▒▒▒.... ...
▒▒▒▒▒▒....


You could see a gnoll sergeant and a gnoll.


Message History

The gnoll shouts!
You hear a shout!
The gnoll sergeant hits you from afar with a +4 trident of venom!
You are poisoned.
Aiming: Ensorcelled Hibernation (safe; 4% risk of failure)
Aim: a gnoll sergeant, wielding a +4 trident of venom and wearing a +0 scale mail (chance to defeat MR: 47%)
The gnoll sergeant resists with some effort.
You feel sick.
A gnoll comes into view. It is wielding a +0 spear.
The gnoll sergeant throws a stone.
The stone hits you but does no damage.
Things that are here:
a stone 14 bolts
Aiming: Ensorcelled Hibernation (safe; 4% risk of failure)
Aim: a gnoll sergeant, wielding a +4 trident of venom and wearing a +0 scale mail (chance to defeat MR: 47%)
The gnoll sergeant resists with some effort.
You feel sick.
The gnoll sergeant throws a stone.
The stone hits you!
* * * LOW HITPOINT WARNING * * *
* * * LOW HITPOINT WARNING * * *
You feel sick.
The gnoll sergeant throws a stone.
The stone barely misses you.
* * * LOW HITPOINT WARNING * * *
You feel sick.
The gnoll sergeant throws a stone.
The stone hits you!
You die...

Action                   |  1- 3 |  4- 6 |  7- 9 || total
-------------------------+-------+-------+-------++-------
Melee: Dagger            |    62 |    90 |    59 ||   211
 Cast: Corona            |     7 |       |       ||     7
       Ensorcelled Hiber |    10 |    45 |    25 ||    80
       Confuse           |       |     2 |     4 ||     6
Invok: Lunge             |       |    10 |    13 ||    23
  Use: Scroll            |       |     4 |       ||     4
 Stab: Sleeping          |    16 |    34 |    18 ||    68
       Confused          |       |     3 |     3 ||     6
       Distracted        |       |     1 |     1 ||     2
  Eat: Ration            |       |     2 |     1 ||     3
Armor: Robe              |     3 |     5 |     3 ||    11
Dodge: Dodged            |    33 |    48 |    31 ||   112

Levels and vault maps discovered:
D:1:      wander_arrival_fairy_ring, layout_loops_ring, minivault_19
D:2:      layout_basic, lightli_temple_of_fire,
          nicolae_ru_great_annihilating_truth, lemuel_blue_sif_altar,
          chequers_ecumenical_altar_lobes
D:3:      layout_loops_cross, overflow_temple_1_default, tso_oasis_becter,
          lemuel_doored_altar, overflow_temple_1_default,
          chequers_temple_overflow_statue_of_worship,
          hellmonk_ghost_happy_afterlife, first_ration, serial_bayou_crossing
D:4:      layout_loops_ring, kennysheep_flooded_box
D:5:      layout_basic, minmay_temple_entry_gardened_gates, grunt_ministairs_10

Notes
Turn   | Place    | Note
-------+----------+-------------------------------------------
     0 | D:1      | sanka the Spriggan Enchanter began the quest for the Orb.
     0 | D:1      | Reached XP level 1. HP: 9/9 MP: 5/5
   112 | D:1      | Reached XP level 2. HP: 9/13 MP: 1/6
   298 | D:1      | Reached skill level 5 in Stealth
   381 | D:1      | Reached skill level 2 in Short Blades
   611 | D:2      | Found a sacrificial altar of Ru.
   628 | D:2      | Reached XP level 3. HP: 16/16 MP: 8/8
   645 | D:2      | Learned a level 2 spell: Ensorcelled Hibernation
   649 | D:2      | Learned a level 3 spell: Confuse
  1140 | D:2      | Reached skill level 6 in Stealth
  1174 | D:2      | Reached skill level 3 in Short Blades
  1186 | D:2      | Reached XP level 4. HP: 20/21 MP: 1/9
  1365 | D:2      | Learned a level 1 spell: Confusing Touch
  1367 | D:2      | Learned a level 1 spell: Animate Skeleton
  1450 | D:2      | Found a shimmering blue altar of Sif Muna.
  1871 | D:2      | Found a faded altar of an unknown god.
  1944 | D:2      | Found a bloodstained altar of Trog.
  1967 | D:3      | Found an iron altar of Okawaru.
  1988 | D:3      | Found a runed translucent door.
  1990 | D:3      | Noticed hazymike's ghost (amateur HONe)
  2166 | D:3      | Found an ornate altar of the Wu Jian Council.
  2357 | D:3      | Reached skill level 7 in Stealth
  2357 | D:3      | Reached XP level 5. HP: 21/24 MP: 6/10
  2489 | D:3      | Found a glowing golden altar of the Shining One.
  2802 | D:3      | Found a sparkling altar of Nemelex Xobeh.
  2803 | D:3      | Found a radiant altar of Vehumet.
  2810 | D:3      | Found a white marble altar of Elyvilon.
  2878 | D:3      | Became a worshipper of the Wu Jian Council
  2955 | D:3      | Found a shadowy altar of Dithmenos.
  3147 | D:3      | Killed hazymike's ghost
  3147 | D:3      | Reached skill level 5 in Short Blades
  3147 | D:3      | Reached skill level 8 in Stealth
  3147 | D:3      | Reached XP level 6. HP: 28/28 MP: 5/11
  3282 | D:4      | Reached skill level 3 in Spellcasting
  3375 | D:4      | Reached skill level 4 in Hexes
  3859 | D:4      | Reached XP level 7. HP: 22/32 MP: 5/13
  3969 | D:4      | Reached skill level 4 in Spellcasting
  4276 | D:4      | Reached * piety under Wu Jian
  4276 | D:4      | Reached skill level 5 in Hexes
  4549 | D:4      | Found a bloodstained altar of Trog.
  4664 | D:5      | Entered Level 5 of the Dungeon
  4730 | D:5      | Reached skill level 6 in Hexes
  4740 | D:5      | Found a staircase to the Ecumenical Temple.
  4803 | D:5      | Reached skill level 7 in Hexes
  4965 | D:5      | Hit by a stone thrown by a gnoll sergeant

Vanquished Creatures
  The ghost of hazymike the Grave Robber, an amateur HONe of Makhleb (D:3)
  An ice beast (D:5)
  A centaur (D:5)
  A hound (D:4)
  An orc priest (D:4)
  2 orc wizards
  A gnoll shaman (D:4)
  4 worker ants
  An iguana (D:4)
  A hound skeleton (D:5)
  7 gnolls
  6 adders
  2 oozes
  3 worms
  4 dart slugs
  5 leopard geckos
  6 orcs
  3 ball pythons
  4 bats
  A giant cockroach (D:1)
  4 goblins
  4 hobgoblins
  6 jackals
  5 kobolds
  5 quokkas
  A frilled lizard (D:2)
  A jackal skeleton (D:4)
  7 rats
88 creatures vanquished.
